 Dungeon Crawl Stone Soup version 0.20.0-15-g7f486f2 (console) character file.

9380 Kloppie the Carver (level 11, -2/97 HPs)
             Began as a Minotaur Fighter on June 10, 2017.
             Was an Elder of Makhleb.
             Slain by a salamander
             ... wielding a +1 halberd
              (5 damage)
             ... in a volcano.
             The game lasted 00:14:32 (7948 turns).

Kloppie the Carver (Minotaur Fighter)               Turns: 7948, Time: 00:14:33

Health: -2/97      AC: 17    Str: 24      XL:     11   Next: 22%
Magic:  10/10      EV:  6    Int:  4 (5)  God:    Makhleb [****..]
Gold:   553        SH: 13    Dex: 10      Spells: 10/10 levels left

rFire    + . .     SeeInvis .   a - +5 long sword
rCold    . . .     Gourm    .   c - +1 shield
rNeg     . . .     Faith    .   v - +0 plate armour
rPois    .         Spirit   .   (helmet restricted)
rElec    .         Reflect  .   (no cloak)
rCorr    .         Harm     .   (no gloves)
MR       .....                  (no boots)
Stlth    ..........             (no amulet)
Regen    0.3/turn               p - ring of protection from fire
MPRegen  0.2/turn               m - +4 ring of protection

@: no status effects
A: retaliatory headbutt, horns 2
a: Minor Destruction, Lesser Servant of Makhleb, Major Destruction, Renounce
Religion


You were in a volcano.
You worshipped Makhleb.
Makhleb was greatly pleased with you.
You were not hungry.

You visited 3 branches of the dungeon, and saw 12 of its levels.
You also visited: Volcano.

You collected 553 gold pieces.

Inventory:

Hand Weapons
 a - a +5 long sword (weapon)
 s - a cursed +0 scimitar
 K - a +2 flail of protection
Armour
 c - a +1 shield (worn)
 v - a +0 plate armour (worn)
 A - the +4 moon troll leather armour {Spirit, Regen++ MP+5}
   (You found it on level 5 of the Dungeon)

   It affects your magic capacity (+5).
   It increases your rate of regeneration.
Jewellery
 m - a +4 ring of protection (right hand)
 n - an uncursed ring of flight
 p - a ring of protection from fire (left hand)
 x - an uncursed ring of stealth
 J - a +3 ring of strength
Wands
 b - a wand of lightning (3/15)
 I - a wand of lightning (4/15)
 L - a wand of flame (2/48)
Scrolls
 d - 3 scrolls of teleportation
 h - a scroll of amnesia
 o - a scroll of enchant weapon
 q - a scroll of blinking
 y - a scroll of fear
 z - 3 scrolls of identify
 D - 2 scrolls of remove curse
 E - a scroll of fog
 H - a scroll of silence
 N - a scroll of vulnerability {unknown}
Potions
 e - 3 potions of magic
 g - 4 potions of haste
 i - a potion of resistance
 j - a potion of agility
 k - a potion of berserk rage
 l - a potion of ambrosia
 r - 7 potions of curing {unknown}
 w - a potion of lignification
 G - a potion of invisibility
 M - a potion of might
Comestibles
 f - 8 bread rations
 t - a royal jelly
 C - 3 meat rations


   Skills:
 - Level 9.3 Fighting
 + Level 14.3 Long Blades
 - Level 7.8 Armour
 + Level 10.7 Shields


You had 10 spell levels left.
You didn't know any spells.

Dungeon Overview and Level Annotations

Branches:
Dungeon (10/15)            Temple (1/1) D:5            Lair (1/6) D:10
    Orc (0/2) D:10

Altars:
Ashenzari
Cheibriados
Dithmenos
Elyvilon
Fedhas
Gozag
Hepliaklqana
Kikubaaqudgha
Makhleb
Nemelex Xobeh
Okawaru
Qazlal
Ru
Sif Muna
Trog
Uskayaw
Vehumet
Xom
Yredelemnul
Zin
The Shining One

Shops:
D:7 }

Annotations:
D:6 1 exclusion


Innate Abilities, Weirdness & Mutations

You reflexively headbutt those who attack you in melee.
You have a pair of horns on your head.


Message History

The salamander mystic completely resists.
The searing blast hits you! You resist.
* * * LOW HITPOINT WARNING * * *
You barely miss the salamander mystic.
The salamander mystic is moderately wounded.
You are engulfed in blazing flames.
You resist.
* * * LOW HITPOINT WARNING * * *
The salamander shoots an arrow.
The arrow hits you!
* * * LOW HITPOINT WARNING * * *
The arrow burns you.
* * * LOW HITPOINT WARNING * * *
You block the salamander's attack.
You block the salamander mystic's attack.
You feel much better.
You are engulfed in blazing flames.
You resist.
* * * LOW HITPOINT WARNING * * *
The salamander shoots an arrow.
The arrow hits you but does no damage.
The salamander hits you with an enchanted halberd.
* * * LOW HITPOINT WARNING * * *
You are engulfed in flames.
You resist.
You die...

##...§≈§≈≈§§§.....#
#....≈≈≈≈.§.....##
##...§≈≈.......##
##.§.....##8.8#
##......###.##
##....## #.# ######
#'######## #####
#........##
##(.@##########..#
#?NNN.#≈#§#§#§##.#
#...#.#≈#§#§#§##.#
#..d#.#≈#≈#≈#≈#..#
#[([##(........#8#
#!_! #§#≈#≈#≈#≈###
#)() #§#≈#§#§#≈#
##∩. #§#≈#§#§#≈#
###########


You could see a red draconian, a salamander mystic and 2 salamanders.

Vanquished Creatures
  An obsidian statue (Volcano)
  An orc knight (D:10)
  2 spiny frogs (Lair:1)
  A troll (D:10)
  A hippogriff (D:8)
  A spriggan (D:7)
  6 fire bats (Volcano)
  A wyvern (D:8)
  9 yaks
  2 porcupines
  2 orc warriors
  4 ice beasts
  2 black bears
  A phantom (D:6)
  3 ogres
  5 centaurs
  2 crocodiles
  A big kobold (D:7)
  10 bullfrogs
  A wyvern zombie (D:8)
  A wyvern skeleton (D:10)
  2 scorpions
  10 killer bees (D:10)
  9 wights
  A howler monkey (D:4)
  3 crimson imps
  A centaur zombie (D:10)
  5 lava snakes (Volcano)
  3 orc priests
  4 hounds
  3 jellies
  11 orc wizards
  A centaur skeleton (D:4)
  A bullfrog skeleton (D:7)
  A gnoll shaman (D:9)
  4 iguanas
  6 worker ants
  2 howler monkey zombies
  8 adders
  12 gnolls
  4 shadow imps
  3 adder skeletons
  2 dart slugs (D:1)
  3 worms
  6 leopard geckos
  18 orcs
  2 giant cockroaches
  8 hobgoblins
  13 jackals
  10 kobolds
  7 bats
  3 frilled lizards
  10 goblins
  A quokka skeleton (D:7)
  5 rats
239 creatures vanquished.

Vanquished Creatures (others)
  A plant (D:10)
1 creature vanquished.

Grand Total: 240 creatures vanquished

Notes
Turn   | Place    | Note
-------+----------+-------------------------------------------
     0 | D:1      | Kloppie the Minotaur Fighter began the quest for the Orb.
     0 | D:1      | Reached XP level 1. HP: 19/19 MP: 0/0
   284 | D:1      | Reached skill level 3 in Long Blades
   284 | D:1      | Reached XP level 2. HP: 27/27 MP: 1/1
  1139 | D:2      | Reached XP level 3. HP: 29/33 MP: 2/2
  1586 | D:3      | Reached skill level 4 in Long Blades
  1879 | D:4      | Noticed an ogre
  1966 | D:4      | Reached skill level 5 in Long Blades
  1966 | D:4      | Reached XP level 4. HP: 32/40 MP: 3/3
  1985 | D:4      | Found a deep blue altar of Sif Muna.
  2070 | D:4      | Reached XP level 5. HP: 40/46 MP: 4/4
  2080 | D:4      | Killed an ogre
  2080 | D:4      | Reached skill level 5 in Armour
  2402 | D:4      | Reached XP level 6. HP: 52/53 MP: 5/5
  2724 | D:5      | Entered Level 5 of the Dungeon
  2857 | D:5      | Found a staircase to the Ecumenical Temple.
  2870 | Temple   | Entered the Ecumenical Temple
  3056 | Temple   | Became a worshipper of Makhleb the Destroyer
  3310 | D:5      | Reached skill level 5 in Fighting
  3310 | D:5      | Reached skill level 6 in Long Blades
  3663 | D:6      | Reached XP level 7. HP: 62/62 MP: 6/6
  3755 | D:6      | Reached skill level 7 in Long Blades
  4188 | D:6      | Reached * piety under Makhleb
  4384 | D:6      | Reached skill level 8 in Long Blades
  4396 | D:6      | Reached XP level 8. HP: 73/73 MP: 7/7
  4704 | D:7      | Found a shadowy altar of Dithmenos.
  4722 | D:7      | Reached skill level 9 in Long Blades
  4831 | D:7      | Reached skill level 10 in Long Blades
  4927 | D:7      | Reached XP level 9. HP: 82/83 MP: 8/8
  4929 | D:7      | Reached ** piety under Makhleb
  5146 | D:7      | Found Uramisue's Gadget Shop.
  5431 | D:8      | Reached skill level 11 in Long Blades
  5746 | D:8      | Reached skill level 5 in Shields
  5780 | D:9      | Reached *** piety under Makhleb
  5783 | D:9      | Reached skill level 12 in Long Blades
  5909 | D:9      | Reached XP level 10. HP: 91/91 MP: 9/9
  6079 | D:9      | Found a shimmering altar of Xom.
  6081 | D:9      | Found a glowing silver altar of Zin.
  6081 | D:9      | Found a basalt altar of Yredelemnul.
  6083 | D:9      | Found a shadowy altar of Dithmenos.
  6083 | D:9      | Found a shimmering altar of Xom.
  6083 | D:9      | Found a white marble altar of Elyvilon.
  6294 | D:9      | Found a blossoming altar of Fedhas.
  6521 | D:9      | Got a polished rapier
  6522 | D:9      | Identified the cursed +2 rapier of Ashenzari's Approval {flame, rF+ MP+9 Dex-5 SInv} (You found it on level 9 of the Dungeon)
  6543 | D:10     | Entered Level 10 of the Dungeon
  6543 | D:10     | Found a staircase to the Orcish Mines.
  6633 | D:10     | Reached skill level 13 in Long Blades
  6659 | D:10     | Reached **** piety under Makhleb
  6902 | D:10     | Found a staircase to the Lair.
  7140 | D:10     | Noticed an orc knight
  7152 | D:10     | Killed an orc knight
  7419 | Lair:1   | Entered Level 1 of the Lair of Beasts
  7455 | Lair:1   | Noticed a spiny frog
  7463 | Lair:1   | Killed a spiny frog
  7463 | Lair:1   | Reached skill level 10 in Shields
  7466 | Lair:1   | Noticed a spiny frog
  7474 | Lair:1   | Killed a spiny frog
  7474 | Lair:1   | Reached XP level 11. HP: 59/97 MP: 10/10
  7519 | Lair:1   | Found a dark tunnel.
  7520 | Lair:1   | Noticed a lindwurm
  7528 | Volcano  | Entered a volcano
  7635 | Volcano  | Reached skill level 14 in Long Blades
  7931 | Volcano  | Noticed an obsidian statue
  7934 | Volcano  | Noticed a salamander mystic
  7942 | Volcano  | Killed an obsidian statue
  7943 | Volcano  | Found a bloodstained altar of Trog.
  7943 | Volcano  | Noticed a red draconian
  7947 | Volcano  | HP: 3/97 [salamander/arrow (9)]
  7948 | Volcano  | Slain by a salamander

Skill      XL: |  1  2  3  4  5  6  7  8  9 10 11 |
---------------+----------------------------------+-----
Long Blades    | 3 5 6 8 10 12 13 14 | 14.3
Fighting       | 4 5 7 9 |  9.3
Armour         | 4 5 6 7 |  7.8
Shields        | 6 10 | 10.7

Action                   |  1- 3 |  4- 6 |  7- 9 | 10-12 || total
-------------------------+-------+-------+-------+-------++-------
Melee: Long sword        |    87 |    75 |   255 |   247 ||   664
       Headbutt          |     9 |    11 |    42 |    36 ||    98
Evoke: Wand              |       |       |       |     1 ||     1
  Use: Potion            |       |     1 |     7 |     3 ||    11
       Scroll            |       |       |    14 |     3 ||    17
  Eat: Chunk             |     3 |     6 |     7 |     5 ||    21
       Bread ration      |       |       |       |     1 ||     1
Armor: Scale mail        |    30 |    32 |       |       ||    62
       Troll leather arm |       |     5 |    72 |       ||    77
       Plate armour      |       |       |    64 |    87 ||   151
Dodge: Dodged            |    36 |    36 |   118 |    46 ||   236
Block: Shield            |       |       |       |   127 ||   127
       Rpst.: Long sword |     8 |    12 |    42 |    10 ||    72
